 Dungeon Crawl Stone Soup version 0.31-a0-358-gac0dbeb3ab (webtiles) character file.

Game seed: 17905613242690999348

60 MacCMillion the Ruffian (level 4, -11/34 HPs)
             Began as a Merfolk Shapeshifter on July 26, 2023.
             Mangled by a gnoll
             ... wielding a +0 halberd
              (13 damage)
             ... on level 2 of the Dungeon.
             The game lasted 00:01:50 (1634 turns).

MacCMillion the Ruffian (Merfolk Shapeshifter)      Turns: 1634, Time: 00:01:51

Health: -11/34     AC:  5    Str: 17    XL:     4   Next: 6%
Magic:  4/4        EV: 11    Int:  7    God:
Gold:   102        SH:  0    Dex: 14    Spells: 3/3 levels left

rFire   . .          .
                       - Unarmed
rCold   . . .        (no shield)
rNeg    . . .        d - +0 ring mail
rPois   .            (helmet currently unavailable)
rElec   .            (cloak currently unavailable)
rCorr   .            (gloves currently unavailable)
SInv    .            (boots currently unavailable)
Will    .....        (no amulet)
Stlth   +            (no ring)
HPRegen 0.25/turn    (no ring)
MPRegen 0.09/turn

%: no passive effects
@: beast-form
A: beast (slay +3), (nimble swimmer 2), mertail
a: Begin Untransformation


You were on level 2 of the Dungeon.
You were a hulking beast.
You visited 1 branch of the dungeon, and saw 2 of its levels.

You collected 102 gold pieces.

Inventory:

Missiles
 h - 5 javelins
Armour
 a - a +0 animal skin
 d - a +0 ring mail (worn)
 f - a +1 cloak
Talismans
 c - a beast talisman
 e - a blade talisman
Scrolls
 i - 2 scrolls of teleportation {unknown}
 j - a scroll of torment {unknown}
 k - a scroll of acquirement {unknown}
 m - a scroll of identify {unknown}
 o - a scroll of enchant weapon {unknown}
Potions
 b - a potion of lignification
 g - 2 potions of enlightenment {unknown}
 l - a potion of haste {unknown}
 n - 2 potions of curing {unknown}


   Skills:
 + Level 2.3 Fighting
 - Level 2.6 Dodging
 * Level 4.5 Unarmed Combat
 - Level 4.3 Shapeshifting


You had 3 spell levels left.
You didn't know any spells.
Your spell library contained the following spells:

 Spells                   Type           Power      Damage    Failure   Level
 Foxfire                  Conj/Fire      0%         2x1d4     65%         1
 Slow                     Hex            0%         N/A       65%         1
 Cigotuvi's Dreadful Rot  Necr/Pois/Air  0%         N/A       78%         2
 Wereblood                Tmut           0%         N/A       78%         2
 Confusing Touch          Hex            0%         N/A       95%         3
 Ignite Poison            Fire/Tmut/Pois 0%         N/A       95%         3
 Vampiric Draining        Necr           0%         2d6       95%         3
 Freezing Cloud           Conj/Ice/Air   0%         6-21      100%        5
 Ignition                 Fire           0%         3d3       100%        8
 Fire Storm               Conj/Fire      0%         5d1       100%        9


Dungeon Overview and Level Annotations

Branches:
Dungeon (2/15)

Altars:

Shops:
D:2 [


Innate Abilities, Weirdness & Mutations

You are a hulking beast.
Your limbs bulge with bestial killing power. (Slay +3)
((You are very nimble when in or above water. (Stealth+, EV+, Speed+++)))
Your lower body shifts to a powerful aquatic tail in water.


Message History

The bat closely misses you.
You barely miss the bat.
The bat is heavily wounded.
The bat barely misses you.
You punch the bat!
You kill the bat!
No target in view!
No target in view!
A rat comes into view.
A rat is nearby!
A rat is nearby!
A gnoll comes into view. It is wielding a +0 halberd.
The rat barely misses you.
You completely miss the rat.
The gnoll shouts!
You hear a shout! x2
You punch the rat!
You kill the rat!
A gnoll comes into view. It is wielding a +0 halberd.
The gnoll shouts!
You hear a shout!
A gnoll comes into view. It is wielding a +0 spear.
The gnoll closely misses you.
You barely miss the gnoll. The gnoll hits you with a +0 halberd.
You hit the gnoll.
The gnoll is heavily wounded.
The gnoll closely misses you.
You hit the gnoll.
The gnoll is heavily wounded.
The gnoll hits you from afar with a +0 spear.
The gnoll hits you with a +0 halberd!
You hit the gnoll.
The gnoll is severely wounded.
The gnoll barely misses you. The gnoll hits you with a +0 halberd!
* * * LOW HITPOINT WARNING * * *
You closely miss the gnoll.
The gnoll is severely wounded.
The gnoll hits you from afar with a +0 spear.
* * * LOW HITPOINT WARNING * * *
The gnoll barely misses you.
The gnoll hits you from afar with a +0 halberd!
You die...

#...#.#####
#########.....#######
........#...#.##....#
.....##.....#.##.##.#
.....####..##....#
...........####..#
......##..##.....#
....#.#..###.###.#
#####...# # #h# #.#
#.# .> #...g.gg#
#....###. ###. #. ..
#. ## #. #. #.


You could see 2 gnolls.

Vanquished Creatures
  2 adders (D:2)
  A giant cockroach (D:1)
  2 goblins
  A hobgoblin (D:1)
  16 jackals
  3 kobolds
  A quokka (D:1)
  2 ball pythons
  2 bats
  4 frilled lizards
  3 rats (D:2)
37 creatures vanquished.

Notes
Turn   | Place    | Note
-------+----------+-------------------------------------------
     0 | D:1      | MacCMillion the Merfolk Shapeshifter began the quest for
                  | the Orb.
     0 | D:1      | Reached XP level 1. HP: 15/15 MP: 1/1
   190 | D:1      | Reached XP level 2. HP: 14/21 MP: 2/2
   271 | D:1      | Found a faded altar of an unknown god.
  1143 | D:2      | Reached XP level 3. HP: 21/27 MP: 3/3
  1514 | D:2      | Got the Commentary on the Switch and the Salamander
  1577 | D:2      | Reached XP level 4. HP: 33/34 MP: 4/4
  1589 | D:2      | Found Daopt's Armour Shoppe.
  1634 | D:2      | Mangled by a gnoll

Illustrated notes

Levels and vault maps discovered:
D:1:      arrival_zaba_pyramid, layout_basic, shapermc_ecumenical_altar_ellora,
          patterned_corridor
D:2:      layout_basic, serial_shops, shop, kennysheep_doodads,
          minmay_crystal_water, minivault_4, nrook_mini_backslash,
          feat_on_display

Skill      XL: |  1  2 |
---------------+-------+-----
Fighting       | 2 |  2.3
Unarmed Combat | 4 |  4.5
Dodging        | |  2.6
Shapeshifting  | |  4.3

Action                     |  1- 3 |  4- 6 || total
---------------------------+-------+-------++-------
  Melee: Unarmed           |   105 |    16 ||   121
         Punch             |     1 |       ||     1
 Armour: Ring mail         |    37 |     7 ||    44
         Animal skin       |     1 |       ||     1
  Dodge: Dodged            |    77 |    14 ||    91

Table legend: (Time is in decaauts)
 A = Elapsed time spent in this place.
 B = Non-inter-level travel time spent in this place.
 C = Inter-level travel time spent in this place.
 D = Time resting spent in this place.
 E = Time spent auto-exploring this place.
 F = Levels seen in this place.
 G = Mean time per level.
                   A        B        C        D        E       F      G
               +--------+--------+--------+--------+--------+-----+--------+
         Total |   1617 |   1592 |     25 |     42 |   1268 |   2 |  808.5 |
       Dungeon |   1617 |   1592 |     25 |     42 |   1268 |   2 |  808.5 |
               +--------+--------+--------+--------+--------+-----+--------+

Top non-repeatable levels by time:
     D:1: 1100 daAuts
     D:2: 517 daAuts
